 Dungeon Crawl Stone Soup version 0.31-a0-851-g7ff8af7976 (webtiles) character file.

Game seed: 12024597215342890043

2 Kurtz the Sneak (level 1, 0/18 HPs)
             Began as a Mummy Delver on Oct 6, 2023.
             Slain by a jackal (1 damage)
             ... on level 4 of the Dungeon.
             The game lasted 00:00:21 (239 turns).

Kurtz the Sneak (Mummy Delver)                       Turns: 239, Time: 00:00:22

Health: 0/18       AC:  3    Str: 15    XL:     1   Next: 33%
Magic:  1/1        EV: 11    Int:  9    God:
Gold:   52         SH:  0    Dex: 13    Spells: 0/0 levels left

rFire   x . .        a - +0 hand axe
rCold   + . .        (no shield)
rNeg    + + +        b - +0 leather armour
rPois   ∞            (no helmet)
rElec   .            (no cloak)
rCorr   .            (no gloves)
SInv    .            (no boots)
Will    .....        (no amulet)
Stlth   ++           (no ring)
HPRegen 0.23/turn    (no ring)
MPRegen 0.07/turn

%: faith
@: no status effects
A: cold resistance 1, negative energy resistance 3, torment resistance 2, heat
vulnerability 1, in touch with death 1, no potions, faith
a: no special abilities


You were on level 4 of the Dungeon.
You visited 1 branch of the dungeon, and saw 2 of its levels.

You collected 52 gold pieces.

Inventory:

Hand Weapons
 a - a +0 hand axe (weapon)
Armour
 b - a +0 leather armour (worn)
 h - the +5 ring mail "Ucrud" {-Tele Harm Rampage Int+3}
   (You found it on level 4 of the Dungeon)

   Int+3:     It affects your intelligence (+3).
   -Tele:     It prevents most forms of teleportation.
   Harm:      It increases damage dealt and taken.
   Rampage:   It bestows one free step when moving towards enemies.
Jewellery
 g - a +4 ring of slaying
Wands
 f - a wand of digging (3)
Scrolls
 c - a scroll of fog
 d - a scroll of revelation
 e - a scroll of fear


   Skills:
 - Level 3.0 Fighting
 * Level 1.8 Axes
 - Level 1.5 Dodging
 - Level 4.1 Stealth


You couldn't memorise any spells.
You didn't know any spells.
Your spell library was empty.

Dungeon Overview and Level Annotations

Branches:
Dungeon (5/15)
 Temple: D:4-7

Altars:

Annotations:
D:4 Blork the orc, Natasha


Innate Abilities, Weirdness & Mutations

You are immune to poison.
Your flesh is cold resistant. (rC+)
You are immune to negative energy. (rN+++)
You are immune to unholy pain and torment.
You are vulnerable to heat. (rF-)
You are in touch with the powers of death.
You do not drink.
You have a special connection with the divine. (Faith)


Message History

You hit the jackal. Your punch misses the jackal.
The jackal is severely wounded.
You hit the jackal. You hit the jackal but do no damage.
The jackal bites you but does no damage.
The jackal closely misses you.
The jackal bites you but does no damage.
The jackal bites you. The jackal closely misses you.
You are too injured to fight recklessly!
You hit the jackal.
You kill the jackal!
You closely miss the jackal. You hit the jackal. The jackal misses you.
The jackal bites you.
The jackal bites you but does no damage.
The jackal misses you.
You completely miss the jackal. You miss the jackal.
You barely miss the jackal. The jackal closely misses you.
The jackal barely misses you. x2
The jackal bites you but does no damage.
The jackal bites you.
* * * LOW HITPOINT WARNING * * *
The jackal bites you.
* * * LOW HITPOINT WARNING * * *
You hit the jackal.
The jackal is almost dead.
You closely miss the jackal. x2; The jackal barely misses you.
The jackal closely misses you. The jackal barely misses you. x2
Unknown command.
You hit the jackal.
You kill the jackal!
You hit the jackal. You barely miss the jackal. The jackal bites you.
* * * LOW HITPOINT WARNING * * *
The jackal closely misses you. The jackal bites you.
* * * LOW HITPOINT WARNING * * *
Unknown command.
You barely miss the jackal.
The jackal is moderately wounded.
You miss the jackal. The jackal closely misses you. x2
The jackal bites you but does no damage.
The jackal bites you.
You die...

#.....................
#...).................
#.....................
#......!..............
#.....................
#.....................
#####....#############
#h...# #@h..# #....#
...### ....# .....#
......# ########


You could see 2 jackals.

Vanquished Creatures
  2 jackals (D:4)
2 creatures vanquished.

Notes
Turn   | Place    | Note
-------+----------+-------------------------------------------
     0 | D:5      | Kurtz the Mummy Delver began the quest for the Orb.
     0 | D:5      | Reached XP level 1. HP: 18/18 MP: 1/1
   123 | D:4      | Noticed Blork the orc
   206 | D:4      | Identified the +5 ring mail "Ucrud" {-Tele Harm Rampage
                  | Int+3}
   217 | D:4      | Noticed Natasha
   239 | D:4      | Slain by a jackal

Illustrated notes

Levels and vault maps discovered:
D:4:      layout_gridville, uniq_blork_the_orc, uniq_natasha, uniq_menkaure
D:5:      layout_basic, hangedman_ru_absence, gammafunk_ghost_stat_death

Action                     || total
---------------------------++-------
  Melee: Hand axe          ||     7
 Armour: Leather armour    ||    23
  Dodge: Dodged            ||    24

Table legend: (Time is in decaauts)
 A = Elapsed time spent in this place.
 B = Non-inter-level travel time spent in this place.
 C = Inter-level travel time spent in this place.
 D = Time resting spent in this place.
 E = Time spent auto-exploring this place.
 F = Levels seen in this place.
 G = Mean time per level.
                   A        B        C        D        E       F      G
               +--------+--------+--------+--------+--------+-----+--------+
         Total |    239 |    222 |     17 |      0 |    173 |   2 |  119.5 |
       Dungeon |    239 |    222 |     17 |      0 |    173 |   2 |  119.5 |
               +--------+--------+--------+--------+--------+-----+--------+

Top non-repeatable levels by time:
     D:4: 126 daAuts
     D:5: 113 daAuts
